New York Rangers vs Nashville Predators
Created - Friday, November 8, 2024 at 09:33
Goals
|
| New York Rangers |
0 |
1 |
0 |
1 |
| Nashville Predators |
0 |
2 |
0 |
2 |
|
Shots
|
| New York Rangers |
13 |
9 |
9 |
31 |
| Nashville Predators |
12 |
16 |
6 |
34 |
|
1st period
No Goal
Penalties :
No Penalty
2nd period
1. Nashville Predators , Pius Suter 20 (Colton Sissons 42) at 1:16 (SH)
2. New York Rangers , Teuvo Teravainen 20 (Mathew Barzal 24, Jake McCabe 21) at 3:29
3. Nashville Predators , Max Pacioretty 24 (Tyson Foerster 20) at 19:23 (PP)
Penalties :
Jack Drury (NSH) for Tripping (Minor) at 0:22, Nathan MacKinnon (NYR) for Hooking (Minor) at 5:29, Brendan Smith (NYR) for Tripping (Minor) at 18:50
3rd period
No Goal
Penalties :
Simon Benoit (NSH) for Slashing (Minor) at 0:09, Adam Larsson (NYR) for Holding (Minor) at 2:59, Jake McCabe (NYR) for Boarding (Minor) at 8:46, Mikael Granlund (NYR) for Tripping (Minor) at 17:09
Goalie Stats
Kevin Lankinen (NYR), 32 saves from 34 shots - (0.941), L, 0-1-0, 59:18 minutes
Samuel Ersson (NSH), 30 saves from 31 shots - (0.968), W, 6-7-2, 60:00 minutes
Players Stats for New York Rangers
Player Name G A P +/- PIM S H SB GA TA FO MP PP MP PK MP
------------------------------------------------------------------------------------
Adam Larsson 0 0 0 0 2 1 2 0 0 0 0/0 17:47 0:00 1:18
Artemi Panarin 0 0 0 -1 0 4 1 0 2 0 0/0 15:09 2:05 0:00
Brendan Smith 0 0 0 0 2 1 0 3 0 0 0/0 20:32 0:00 4:07
Cam Fowler 0 0 0 -1 0 0 1 1 0 0 0/0 24:52 2:03 4:22
Cole Caufield 0 0 0 0 0 3 0 0 1 1 0/1 14:39 1:53 0:20
Conor Garland 0 0 0 0 0 0 1 0 0 0 0/0 8:35 0:00 0:00
David Kampf 0 0 0 0 0 0 0 0 0 0 2/6 13:39 0:00 4:05
Dmitry Kulikov 0 0 0 1 0 4 3 0 0 0 0/0 12:16 0:00 0:00
Dylan Strome 0 0 0 1 0 0 0 1 0 1 10/16 14:26 1:53 0:00
Jake McCabe 0 1 1 0 2 2 3 4 0 1 0/0 21:36 0:00 3:04
Jake Walman 0 0 0 1 0 0 1 0 0 2 0/0 18:39 1:55 4:07
Joe Pavelski 0 0 0 0 0 1 2 0 0 0 2/6 14:17 1:53 0:00
Marcus Foligno 0 0 0 0 0 1 3 0 0 0 0/0 13:01 0:00 4:04
Mathew Barzal 0 1 1 0 0 5 2 0 0 1 1/2 15:33 2:05 0:30
Mikael Granlund 0 0 0 0 2 0 1 0 0 1 1/2 17:55 1:55 2:58
Nathan MacKinnon 0 0 0 -1 2 5 0 1 1 0 9/17 15:49 2:05 0:00
Nikolaj Ehlers 0 0 0 -1 0 1 0 1 0 1 0/1 15:30 2:03 0:56
Teuvo Teravainen 1 0 1 1 0 3 0 0 0 1 0/1 17:11 0:00 4:05
Players Stats for Nashville Predators
Player Name G A P +/- PIM S H SB GA TA FO MP PP MP PK MP
------------------------------------------------------------------------------------
Artem Zub 0 0 0 0 0 1 4 1 1 2 0/0 24:05 4:06 2:39
Brett Leason 0 0 0 0 0 0 1 0 0 0 1/2 12:27 0:00 2:17
Colton Sissons 0 1 1 1 0 0 4 0 0 0 9/19 18:22 4:21 2:06
Dante Fabbro 0 0 0 0 0 1 0 0 0 0 0/0 16:10 4:06 0:12
Henri Jokiharju 0 0 0 0 0 1 0 2 1 0 0/0 20:02 4:23 1:48
Jack Drury 0 0 0 -1 2 2 0 0 0 0 5/10 13:32 0:00 0:50
Jesper Boqvist 0 0 0 0 0 0 0 1 1 0 0/1 10:48 0:09 0:00
Josh Doan 0 0 0 -1 0 1 1 0 0 0 0/2 12:59 0:02 0:00
Leo Carlsson 0 0 0 0 0 3 3 0 0 0 1/2 15:57 4:06 0:00
Mattias Samuelsson 0 0 0 0 0 1 3 0 0 0 0/0 25:11 4:23 2:43
Max Pacioretty 1 0 1 0 0 6 2 1 1 1 0/0 16:02 4:14 0:00
Parker Wotherspoon 0 0 0 0 0 0 1 1 2 0 0/0 16:23 0:00 0:01
Pius Suter 1 0 1 0 0 4 2 0 1 1 1/1 16:58 4:06 0:51
Ryan Johansen 0 0 0 0 0 4 2 2 0 0 8/10 18:23 4:06 1:51
Simon Benoit 0 0 0 0 2 0 1 1 1 0 0/0 18:13 0:00 0:33
Thomas Novak 0 0 0 0 0 2 0 1 0 0 2/4 11:24 0:02 0:00
Tyson Foerster 0 1 1 0 0 5 2 1 0 0 0/0 16:43 4:21 0:00
Zach Benson 0 0 0 0 0 3 0 1 1 0 0/1 12:21 0:00 0:01
3 Stars
1 - Samuel Ersson (NSH)
2 - Max Pacioretty (NSH)
3 - Colton Sissons (NSH)
Power Play
New York Rangers - 0 on 2 Attempt(s) - 0.00%
Nashville Predators - 1 on 5 Attempt(s) - 20.00%
Penalty Kill
New York Rangers - 4 on 5 Attempt(s) - 80.00%
- Score 0 goal in Penalty Kill
Nashville Predators - 2 on 2 Attempt(s) - 100.00%
- Score 1 goal in Penalty Kill
Team Stat
New York Rangers - Hits : 20 - Faceoff Wins : 25 - Blocked Shots : 11 - Penalty Minutes : 10
Nashville Predators - Hits : 26 - Faceoff Wins : 27 - Blocked Shots : 12 - Penalty Minutes : 4
Official
Referees : Morgan Macphee and Michael Markovic
Linesman : CJ Murray and Bryan Pancich
Game Notes
No Game Note
Finance
Level 1 -- Attendance: 4900 (81.67%) -- Ticket Income $490,000
Level 2 -- Attendance: 3413 (68.26%) -- Ticket Income $204,780
Level 3 -- Attendance: 2225 (74.17%) -- Ticket Income $77,875
Level 4 -- Attendance: 3274 (65.48%) -- Ticket Income $81,850
Luxury Box -- Attendance: 700 (70.00%) -- Ticket Income $140,000
Game was played at the Bridgestone Arena.
Total Attendance: 14512 (72.56%)
Total Ticket Income: $994,505
Other Income: $348,077
Total Income: $1,342,582
New York Rangers
5 vs 5 Forward
Center Left Wing Right Wing Time % Phy DF OF
1 Nathan MacKinnon Artemi Panarin Mikael Granlund 30 0 2 3
2 Dylan Strome Teuvo Teravainen Mathew Barzal 30 0 2 3
3 Joe Pavelski Cole Caufield Nikolaj Ehlers 25 1 2 2
4 David Kampf Conor Garland Marcus Foligno 15 1 3 1
5 vs 5 Defense
Defense Defense Time % Phy DF OF
1 Cam Fowler Jake McCabe 39 1 2 2
2 Adam Larsson Brendan Smith 35 1 2 2
3 Dmitry Kulikov Jake Walman 26 1 2 2
4 Cam Fowler Jake McCabe 0 1 2 2
PowerPlay Forward
Center Left Wing Right Wing Time % Phy DF OF
1 Nathan MacKinnon Artemi Panarin Mathew Barzal 50 0 1 4
2 Dylan Strome Joe Pavelski Cole Caufield 50 0 1 4
PowerPlay Defense
Defense Defense Time % Phy DF OF
1 Jake Walman Mikael Granlund 50 0 2 3
2 Cam Fowler Nikolaj Ehlers 50 0 2 3
Penalty Kill 4 Players Forward
Center Wing Time % Phy DF OF
1 David Kampf Teuvo Teravainen 50 1 3 1
2 Mikael Granlund Marcus Foligno 50 1 3 1
Penalty Kill 4 Players Defense
Defense Defense Time % Phy DF OF
1 Cam Fowler Jake McCabe 50 1 3 1
2 Jake Walman Brendan Smith 50 1 3 1
Penalty Kill - 3 Players Forward
Forward Time % Phy DF OF
1 Mikael Granlund 50 1 4 0
2 David Kampf 50 1 4 0
Penalty Kill - 3 Players Defense
Defense Defense Time % Phy DF OF
1 Cam Fowler Jake McCabe 50 1 3 1
2 Jake Walman Brendan Smith 50 1 3 1
4 vs 4 Forward
Center Wing Time % Phy DF OF
1 Nathan MacKinnon Artemi Panarin 50 1 2 2
2 Dylan Strome Teuvo Teravainen 50 1 2 2
4 vs 4 Defense
Defense Defense Time % Phy DF OF
1 Cam Fowler Jake McCabe 50 1 2 2
2 Adam Larsson Brendan Smith 50 1 2 2
Last Minutes Offensive
Center Left Wing Right Wing Defense Defense
Nathan MacKinnon Artemi Panarin Mathew Barzal Cam Fowler Jake McCabe
Last Minutes Defensive
Center Left Wing Right Wing Defense Defense
David Kampf Marcus Foligno Mikael Granlund Brendan Smith Jake Walman
Goaltenders
Starting : Kevin Lankinen
Backup : Igor Shesterkin
Extra Forwards
Normal : Dylan Strome, Cole Caufield, Nikolaj Ehlers - PP : Dylan Strome, Cole Caufield - PK : Nikolaj Ehlers
Extra Defensemen
Normal : Dmitry Kulikov, Jake Walman, Adam Larsson - PP : Dmitry Kulikov - PK : Jake Walman, Adam Larsson
Penalty Shots
Cole Caufield, Artemi Panarin, David Kampf, Nathan MacKinnon, Joe Pavelski
Scratches
Matthew Benning (Healthy)
Nashville Predators
5 vs 5 Forward
Center Left Wing Right Wing Time % Phy DF OF
1 Colton Sissons Max Pacioretty Leo Carlsson 27 0 2 3
2 Ryan Johansen Zach Benson Tyson Foerster 27 1 2 2
3 Jack Drury Pius Suter Josh Doan 25 0 2 3
4 Thomas Novak Jesper Boqvist Brett Leason 21 0 2 3
5 vs 5 Defense
Defense Defense Time % Phy DF OF
1 Artem Zub Mattias Samuelsson 35 1 3 1
2 Parker Wotherspoon Simon Benoit 35 1 3 1
3 Dante Fabbro Henri Jokiharju 25 1 3 1
4 Artem Zub Simon Benoit 5 1 3 1
PowerPlay Forward
Center Left Wing Right Wing Time % Phy DF OF
1 Colton Sissons Max Pacioretty Tyson Foerster 50 1 1 3
2 Ryan Johansen Pius Suter Leo Carlsson 50 1 1 3
PowerPlay Defense
Defense Defense Time % Phy DF OF
1 Artem Zub Dante Fabbro 50 1 1 3
2 Mattias Samuelsson Henri Jokiharju 50 2 2 1
Penalty Kill 4 Players Forward
Center Wing Time % Phy DF OF
1 Jack Drury Colton Sissons 50 1 2 2
2 Ryan Johansen Brett Leason 50 1 2 2
Penalty Kill 4 Players Defense
Defense Defense Time % Phy DF OF
1 Artem Zub Mattias Samuelsson 50 2 2 1
2 Simon Benoit Henri Jokiharju 50 1 2 2
Penalty Kill - 3 Players Forward
Forward Time % Phy DF OF
1 Colton Sissons 50 1 2 2
2 Jack Drury 50 1 2 2
Penalty Kill - 3 Players Defense
Defense Defense Time % Phy DF OF
1 Artem Zub Mattias Samuelsson 50 1 2 2
2 Henri Jokiharju Simon Benoit 50 1 2 2
4 vs 4 Forward
Center Wing Time % Phy DF OF
1 Colton Sissons Leo Carlsson 50 1 2 2
2 Ryan Johansen Tyson Foerster 50 1 2 2
4 vs 4 Defense
Defense Defense Time % Phy DF OF
1 Mattias Samuelsson Artem Zub 50 2 2 1
2 Simon Benoit Henri Jokiharju 50 1 2 2
Last Minutes Offensive
Center Left Wing Right Wing Defense Defense
Colton Sissons Ryan Johansen Leo Carlsson Tyson Foerster Zach Benson
Last Minutes Defensive
Center Left Wing Right Wing Defense Defense
Ryan Johansen Colton Sissons Jack Drury Artem Zub Mattias Samuelsson
Goaltenders
Starting : Samuel Ersson
Backup : Anthony Stolarz
Extra Forwards
Normal : Josh Doan, Thomas Novak, Zach Benson - PP : Jesper Boqvist, Thomas Novak - PK : Brett Leason
Extra Defensemen
Normal : Simon Benoit, Henri Jokiharju, Dante Fabbro - PP : Henri Jokiharju - PK : Mattias Samuelsson, Simon Benoit
Penalty Shots
Zach Benson, Tyson Foerster, Thomas Novak, Pius Suter, Leo Carlsson
Scratches
Liam Foudy (Healthy), Jakub Voracek (Healthy), Michael Carcone (Healthy), Semyon Varlamov (Healthy), Mads Sogaard (Healthy)
% Time on Ice - New York Rangers
Lines # - Real PCT - Wanted PCT - Time Play
Normal Forward
1 - 28% - 30% - 13:14
2 - 27% - 30% - 12:40
3 - 26% - 25% - 12:15
4 - 18% - 15% - 8:35
Normal Defense
1 - 40% - 39% - 18:35
2 - 36% - 35% - 16:42
3 - 25% - 26% - 11:27
4 - 0% - 0% - 0:00
PP Forward
1 - 53% - 50% - 2:05
2 - 47% - 50% - 1:53
PP Defense
1 - 48% - 50% - 1:55
2 - 52% - 50% - 2:03
PK Forward
1 - 48% - 50% - 4:05
2 - 52% - 50% - 4:24
PK Defense
1 - 51% - 50% - 4:22
2 - 49% - 50% - 4:07
PK3 Forward
1 - 0% - 50%
2 - 0% - 50%
PK3 Defense
1 - 0% - 50%
2 - 0% - 50%
44 Forward
1 - 0% - 50%
2 - 0% - 50%
44 Defense
1 - 0% - 50%
2 - 0% - 50%
Last Minute Offensive - 0:49
Last Minute Defensive - 0:00
Total
Forward - 60:00
Defense - 60:00
|
% Time on Ice - Nashville Predators
Lines # - Real PCT - Wanted PCT - Time Play
Normal Forward
1 - 26% - 27% - 12:17
2 - 27% - 27% - 12:31
3 - 25% - 25% - 11:45
4 - 22% - 21% - 10:10
Normal Defense
1 - 35% - 35% - 16:28
2 - 38% - 35% - 17:47
3 - 24% - 25% - 11:16
4 - 3% - 5% - 1:12
PP Forward
1 - 52% - 50% - 4:23
2 - 48% - 50% - 4:06
PP Defense
1 - 48% - 50% - 4:06
2 - 52% - 50% - 4:23
PK Forward
1 - 53% - 50% - 2:06
2 - 47% - 50% - 1:52
PK Defense
1 - 54% - 50% - 2:09
2 - 46% - 50% - 1:49
PK3 Forward
1 - 0% - 50%
2 - 0% - 50%
PK3 Defense
1 - 0% - 50%
2 - 0% - 50%
44 Forward
1 - 0% - 50%
2 - 0% - 50%
44 Defense
1 - 0% - 50%
2 - 0% - 50%
Last Minute Offensive - 0:00
Last Minute Defensive - 0:50
Total
Forward - 60:00
Defense - 60:00
|
Play-by-Play
1st period
0:01 of 1st period - Colton Sissons wins face-off versus Nathan MacKinnon in neutral zone.
0:08 of 1st period - Snap shot by Max Pacioretty.
0:08 of 1st period - Shot Misses the Net.
0:10 of 1st period - Snap shot by Max Pacioretty.
0:10 of 1st period - Stopped by Kevin Lankinen without a rebound.
0:11 of 1st period - Ryan Johansen wins face-off versus Dylan Strome in New York Rangers zone.
0:43 of 1st period - Snap shot by Jack Drury.
0:43 of 1st period - Shot Misses the Net.
0:45 of 1st period - Wrist shot by Pius Suter.
0:45 of 1st period - Stopped by Kevin Lankinen with a rebound.
1:18 of 1st period - Icing by Dante Fabbro.
1:19 of 1st period - Nathan MacKinnon wins face-off versus Thomas Novak in Nashville Predators zone.
1:28 of 1st period - Snap shot by Nathan MacKinnon.
1:28 of 1st period - Stopped by Samuel Ersson with a rebound.
1:48 of 1st period - Snap shot by Jesper Boqvist.
1:48 of 1st period - Shot Blocked by Jake McCabe.
1:57 of 1st period - Icing by Jake McCabe.
1:58 of 1st period - Leo Carlsson wins face-off versus Nathan MacKinnon in New York Rangers zone.
2:13 of 1st period - Wrist shot by Leo Carlsson.
2:13 of 1st period - Shot Blocked by Jake McCabe.
2:23 of 1st period - Snap shot by Nathan MacKinnon.
2:23 of 1st period - Stopped by Samuel Ersson with a rebound.
2:33 of 1st period - Cam Fowler is hit by Ryan Johansen and loses puck.
3:12 of 1st period - Snap shot by Conor Garland.
3:12 of 1st period - Shot Misses the Net.
3:53 of 1st period - Snap shot by Tyson Foerster.
3:53 of 1st period - Stopped by Kevin Lankinen without a rebound.
3:54 of 1st period - Joe Pavelski wins face-off versus Zach Benson in New York Rangers zone.
4:03 of 1st period - Slapshot by Ryan Johansen.
4:03 of 1st period - Stopped by Kevin Lankinen with a rebound.
4:05 of 1st period - Wrist shot by Zach Benson.
4:05 of 1st period - Stopped by Kevin Lankinen with a rebound.
4:17 of 1st period - Snap shot by Ryan Johansen.
4:17 of 1st period - Shot Misses the Net.
4:19 of 1st period - Backhand shot by Dante Fabbro.
4:19 of 1st period - Shot Misses the Net.
4:21 of 1st period - Slapshot by Dante Fabbro.
4:21 of 1st period - Shot Misses the Net.
4:23 of 1st period - Snap shot by Zach Benson.
4:23 of 1st period - Shot Misses the Net.
4:25 of 1st period - Snap shot by Tyson Foerster.
4:25 of 1st period - Shot Misses the Net.
4:49 of 1st period - Wrist shot by Tyson Foerster.
4:49 of 1st period - Stopped by Kevin Lankinen with a rebound.
4:55 of 1st period - Snap shot by Zach Benson.
4:55 of 1st period - Shot Blocked by Nikolaj Ehlers.
5:29 of 1st period - Slapshot by Tyson Foerster.
5:29 of 1st period - Stopped by Kevin Lankinen with a rebound.
5:41 of 1st period - Wrist shot by Cole Caufield.
5:41 of 1st period - Stopped by Samuel Ersson with a rebound.
5:59 of 1st period - Wrist shot by Joe Pavelski.
5:59 of 1st period - Stopped by Samuel Ersson without a rebound.
6:00 of 1st period - Dylan Strome wins face-off versus Colton Sissons in Nashville Predators zone.
6:03 of 1st period - Slapshot by Mathew Barzal.
6:03 of 1st period - Stopped by Samuel Ersson with a rebound.
6:13 of 1st period - Snap shot by Leo Carlsson.
6:13 of 1st period - Shot Blocked by Dylan Strome.
6:55 of 1st period - Off-side.
6:56 of 1st period - Colton Sissons wins face-off versus Dylan Strome in neutral zone.
6:59 of 1st period - Cam Fowler is hit by Leo Carlsson and loses puck.
8:00 of 1st period - Adam Larsson is hit by Parker Wotherspoon and loses puck.
8:11 of 1st period - Snap shot by Max Pacioretty.
8:11 of 1st period - Stopped by Kevin Lankinen with a rebound.
8:13 of 1st period - Slapshot by Mattias Samuelsson.
8:13 of 1st period - Stopped by Kevin Lankinen with a rebound.
9:42 of 1st period - Parker Wotherspoon is hit by Dmitry Kulikov and loses puck.
10:01 of 1st period - Cam Fowler is hit by Pius Suter and loses puck.
10:20 of 1st period - Backhand shot by Leo Carlsson.
10:20 of 1st period - Deflect By Dylan Strome.
10:20 of 1st period - Stopped by Kevin Lankinen with a rebound.
11:05 of 1st period - Colton Sissons is hit by Conor Garland.
11:11 of 1st period - Slapshot by Conor Garland.
11:11 of 1st period - Shot Misses the Net.
11:55 of 1st period - Cam Fowler is hit by Artem Zub and loses puck.
12:32 of 1st period - Jake Walman is hit by Mattias Samuelsson and loses puck.
13:32 of 1st period - Nikolaj Ehlers is hit by Tyson Foerster and loses puck.
13:39 of 1st period - Zach Benson is hit by Jake Walman and loses puck.
13:52 of 1st period - Leo Carlsson is hit by Marcus Foligno and loses puck.
13:59 of 1st period - Colton Sissons is hit by Marcus Foligno and loses puck.
14:08 of 1st period - Marcus Foligno is hit by Colton Sissons and loses puck.
15:03 of 1st period - Snap shot by Thomas Novak.
15:03 of 1st period - Shot Blocked by Jake McCabe.
15:05 of 1st period - Snap shot by Dante Fabbro.
15:05 of 1st period - Deflect By Nikolaj Ehlers.
15:05 of 1st period - Stopped by Kevin Lankinen with a rebound.
15:27 of 1st period - Wrist shot by Cole Caufield.
15:27 of 1st period - Stopped by Samuel Ersson with a rebound.
15:29 of 1st period - Snap shot by Marcus Foligno.
15:29 of 1st period - Stopped by Samuel Ersson with a rebound.
15:31 of 1st period - Snap shot by Conor Garland.
15:31 of 1st period - Shot Misses the Net.
15:33 of 1st period - Snap shot by Jake McCabe.
15:33 of 1st period - Stopped by Samuel Ersson without a rebound.
15:34 of 1st period - Dylan Strome wins face-off versus Colton Sissons in Nashville Predators zone.
15:35 of 1st period - Snap shot by Mathew Barzal.
15:35 of 1st period - Shot Blocked by Henri Jokiharju.
15:37 of 1st period - Snap shot by Teuvo Teravainen.
15:37 of 1st period - Deflect By Mathew Barzal.
15:37 of 1st period - Stopped by Samuel Ersson with a rebound.
15:39 of 1st period - Slapshot by Dmitry Kulikov.
15:39 of 1st period - Deflect By Teuvo Teravainen.
15:39 of 1st period - Shot Blocked by Henri Jokiharju.
15:39 of 1st period - Puck is out of play.
15:40 of 1st period - Dylan Strome wins face-off versus Colton Sissons in Nashville Predators zone.
15:45 of 1st period - Snap shot by Mathew Barzal.
15:45 of 1st period - Stopped by Samuel Ersson with a rebound.
15:49 of 1st period - Slapshot by Mathew Barzal.
15:49 of 1st period - Stopped by Samuel Ersson without a rebound.
15:50 of 1st period - Nathan MacKinnon wins face-off versus Leo Carlsson in Nashville Predators zone.
15:53 of 1st period - Snap shot by Artemi Panarin.
15:53 of 1st period - Stopped by Samuel Ersson with a rebound.
15:55 of 1st period - Slapshot by Brendan Smith.
15:55 of 1st period - Stopped by Samuel Ersson without a rebound.
15:56 of 1st period - Colton Sissons wins face-off versus Nathan MacKinnon in Nashville Predators zone.
17:12 of 1st period - Ryan Johansen is hit by Jake McCabe and loses puck.
18:45 of 1st period - Leo Carlsson is hit by Marcus Foligno and loses puck.
18:57 of 1st period - Conor Garland is hit by Max Pacioretty and loses puck.
19:10 of 1st period - Cam Fowler is hit by Artem Zub and loses puck.
19:15 of 1st period - Wrist shot by Max Pacioretty.
19:15 of 1st period - Deflect By Conor Garland.
19:15 of 1st period - Stopped by Kevin Lankinen without a rebound.
19:16 of 1st period - Nathan MacKinnon wins face-off versus Ryan Johansen in New York Rangers zone.
19:25 of 1st period - Snap shot by Ryan Johansen.
19:25 of 1st period - Shot Misses the Net.
19:27 of 1st period - Slapshot by Mattias Samuelsson.
19:27 of 1st period - Shot Misses the Net.
Goals for this period are 0 for New York Rangers vs 0 for Nashville Predators.
Shots for this period are 13 for New York Rangers vs 12 for Nashville Predators.
2nd period
0:01 of 2nd period - Jack Drury wins face-off versus Nathan MacKinnon in neutral zone.
0:22 of 2nd period - Minor Penalty to Jack Drury for Tripping.
0:23 of 2nd period - Mathew Barzal wins face-off versus Brett Leason in Nashville Predators zone.
0:50 of 2nd period - Artem Zub is hit by Joe Pavelski and loses puck.
1:11 of 2nd period - Nikolaj Ehlers is hit by Colton Sissons and loses puck.
1:16 of 2nd period - Snap shot by Pius Suter.
1:16 of 2nd period - Goal by Pius Suter - New York Rangers : 0 - Nashville Predators : 1.
1:17 of 2nd period - Brett Leason wins face-off versus Dylan Strome in neutral zone.
1:28 of 2nd period - Brett Leason is hit by Joe Pavelski and loses puck.
2:22 of 2nd period - Penalty to Jack Drury is over, Jack Drury is back on ice.
2:37 of 2nd period - Snap shot by Zach Benson.
2:37 of 2nd period - Stopped by Kevin Lankinen without a rebound.
2:38 of 2nd period - Ryan Johansen wins face-off versus David Kampf in New York Rangers zone.
2:47 of 2nd period - Snap shot by Ryan Johansen.
2:47 of 2nd period - Stopped by Kevin Lankinen with a rebound.
3:01 of 2nd period - Wrist shot by Nathan MacKinnon.
3:01 of 2nd period - Deflect By Mattias Samuelsson.
3:01 of 2nd period - Stopped by Samuel Ersson with a rebound.
3:03 of 2nd period - Slapshot by Jake McCabe.
3:03 of 2nd period - Shot Blocked by Artem Zub.
3:11 of 2nd period - Wrist shot by Artemi Panarin.
3:11 of 2nd period - Stopped by Samuel Ersson with a rebound.
3:27 of 2nd period - Snap shot by Mathew Barzal.
3:27 of 2nd period - Shot Misses the Net.
3:29 of 2nd period - Wrist shot by Teuvo Teravainen.
3:29 of 2nd period - Goal by Teuvo Teravainen - New York Rangers : 1 - Nashville Predators : 1.
3:30 of 2nd period - Dylan Strome wins face-off versus Colton Sissons in neutral zone.
4:02 of 2nd period - Wrist shot by Mathew Barzal.
4:02 of 2nd period - Shot Misses the Net.
4:08 of 2nd period - Snap shot by Jack Drury.
4:08 of 2nd period - Stopped by Kevin Lankinen without a rebound.
4:09 of 2nd period - Colton Sissons wins face-off versus Nathan MacKinnon in New York Rangers zone.
4:14 of 2nd period - Snap shot by Leo Carlsson.
4:14 of 2nd period - Shot Misses the Net.
4:55 of 2nd period - Off-side.
4:56 of 2nd period - Thomas Novak wins face-off versus David Kampf in neutral zone.
5:05 of 2nd period - Snap shot by Thomas Novak.
5:05 of 2nd period - Stopped by Kevin Lankinen without a rebound.
5:06 of 2nd period - Colton Sissons wins face-off versus Mikael Granlund in New York Rangers zone.
5:07 of 2nd period - Snap shot by Max Pacioretty.
5:07 of 2nd period - Stopped by Kevin Lankinen without a rebound.
5:08 of 2nd period - Nathan MacKinnon wins face-off versus Colton Sissons in New York Rangers zone.
5:29 of 2nd period - Minor Penalty to Nathan MacKinnon for Hooking.
5:30 of 2nd period - David Kampf wins face-off versus Colton Sissons in New York Rangers zone.
5:30 of 2nd period - David Kampf is hit by Artem Zub.
5:48 of 2nd period - Colton Sissons is hit by Mikael Granlund and loses puck.
5:58 of 2nd period - Off-side.
5:59 of 2nd period - Ryan Johansen wins face-off versus David Kampf in neutral zone.
7:29 of 2nd period - Penalty to Nathan MacKinnon is over, Nathan MacKinnon is back on ice.
7:46 of 2nd period - Slapshot by Nathan MacKinnon.
7:46 of 2nd period - Shot Misses the Net.
8:00 of 2nd period - Snap shot by Teuvo Teravainen.
8:00 of 2nd period - Stopped by Samuel Ersson with a rebound.
8:02 of 2nd period - Slapshot by Jake McCabe.
8:02 of 2nd period - Shot Blocked by Thomas Novak.
8:26 of 2nd period - Snap shot by Teuvo Teravainen.
8:26 of 2nd period - Stopped by Samuel Ersson without a rebound.
8:27 of 2nd period - Joe Pavelski wins face-off versus Jack Drury in Nashville Predators zone.
8:32 of 2nd period - Wrist shot by Nikolaj Ehlers.
8:32 of 2nd period - Shot Misses the Net.
9:19 of 2nd period - Off-side.
9:20 of 2nd period - Colton Sissons wins face-off versus Joe Pavelski in neutral zone.
9:40 of 2nd period - Adam Larsson is hit by Mattias Samuelsson.
9:44 of 2nd period - Slapshot by Ryan Johansen.
9:44 of 2nd period - Stopped by Kevin Lankinen without a rebound.
9:45 of 2nd period - Ryan Johansen wins face-off versus Cole Caufield in New York Rangers zone.
10:15 of 2nd period - Artemi Panarin is hit by Simon Benoit and loses puck.
10:30 of 2nd period - Teuvo Teravainen is hit by Max Pacioretty.
10:36 of 2nd period - Teuvo Teravainen is hit by Leo Carlsson and loses puck.
11:10 of 2nd period - Brendan Smith is hit by Ryan Johansen and loses puck.
11:15 of 2nd period - Wrist shot by Tyson Foerster.
11:15 of 2nd period - Stopped by Kevin Lankinen with a rebound.
11:17 of 2nd period - Slapshot by Mattias Samuelsson.
11:17 of 2nd period - Shot Blocked by Brendan Smith.
11:19 of 2nd period - Snap shot by Tyson Foerster.
11:19 of 2nd period - Stopped by Kevin Lankinen with a rebound.
11:47 of 2nd period - Snap shot by Max Pacioretty.
11:47 of 2nd period - Stopped by Kevin Lankinen without a rebound.
11:48 of 2nd period - Dylan Strome wins face-off versus Colton Sissons in New York Rangers zone.
11:48 of 2nd period - Dylan Strome is hit by Colton Sissons.
12:04 of 2nd period - Wrist shot by Teuvo Teravainen.
12:04 of 2nd period - Deflect By Mathew Barzal.
12:04 of 2nd period - Shot Blocked by Parker Wotherspoon.
12:04 of 2nd period - Puck is out of play.
12:05 of 2nd period - Ryan Johansen wins face-off versus Joe Pavelski in Nashville Predators zone.
12:14 of 2nd period - Icing by Tyson Foerster.
12:15 of 2nd period - Ryan Johansen wins face-off versus Joe Pavelski in Nashville Predators zone.
12:34 of 2nd period - Artem Zub is hit by Dmitry Kulikov.
12:42 of 2nd period - Wrist shot by Ryan Johansen.
12:42 of 2nd period - Shot Misses the Net.
13:06 of 2nd period - Snap shot by Nikolaj Ehlers.
13:06 of 2nd period - Shot Blocked by Tyson Foerster.
13:14 of 2nd period - Backhand shot by Cole Caufield.
13:14 of 2nd period - Shot Blocked by Zach Benson.
13:16 of 2nd period - Snap shot by Joe Pavelski.
13:16 of 2nd period - Deflect By Cole Caufield.
13:16 of 2nd period - Shot Misses the Net.
13:16 of 2nd period - Puck is out of play.
13:17 of 2nd period - Dylan Strome wins face-off versus Jack Drury in Nashville Predators zone.
13:18 of 2nd period - Slapshot by Mathew Barzal.
13:18 of 2nd period - Shot Misses the Net.
13:27 of 2nd period - Off-side.
13:28 of 2nd period - Dylan Strome wins face-off versus Colton Sissons in neutral zone.
13:33 of 2nd period - Wrist shot by Mathew Barzal.
13:33 of 2nd period - Stopped by Samuel Ersson with a rebound.
13:39 of 2nd period - Wrist shot by Leo Carlsson.
13:39 of 2nd period - Shot Blocked by Jake McCabe.
13:41 of 2nd period - Snap shot by Henri Jokiharju.
13:41 of 2nd period - Shot Misses the Net.
13:43 of 2nd period - Snap shot by Colton Sissons.
13:43 of 2nd period - Deflect By Leo Carlsson.
13:43 of 2nd period - Shot Blocked by Cam Fowler.
13:43 of 2nd period - Puck is out of play.
13:44 of 2nd period - Jack Drury wins face-off versus Nathan MacKinnon in New York Rangers zone.
13:45 of 2nd period - Slapshot by Pius Suter.
13:45 of 2nd period - Stopped by Kevin Lankinen without a rebound.
13:46 of 2nd period - Jack Drury wins face-off versus Nathan MacKinnon in New York Rangers zone.
13:49 of 2nd period - Snap shot by Pius Suter.
13:49 of 2nd period - Stopped by Kevin Lankinen without a rebound.
13:50 of 2nd period - Nathan MacKinnon wins face-off versus Jack Drury in New York Rangers zone.
13:55 of 2nd period - Wrist shot by Pius Suter.
13:55 of 2nd period - Deflect By Jack Drury.
13:55 of 2nd period - Stopped by Kevin Lankinen without a rebound.
13:56 of 2nd period - Colton Sissons wins face-off versus Teuvo Teravainen in New York Rangers zone.
14:21 of 2nd period - Artemi Panarin is hit by Mattias Samuelsson and loses puck.
14:42 of 2nd period - Slapshot by Cole Caufield.
14:42 of 2nd period - Shot Blocked by Simon Benoit.
15:11 of 2nd period - Snap shot by Leo Carlsson.
15:11 of 2nd period - Stopped by Kevin Lankinen with a rebound.
15:55 of 2nd period - Wrist shot by Cole Caufield.
15:55 of 2nd period - Shot Misses the Net.
15:57 of 2nd period - Wrist shot by Nikolaj Ehlers.
15:57 of 2nd period - Shot Misses the Net.
15:59 of 2nd period - Slapshot by Dmitry Kulikov.
15:59 of 2nd period - Stopped by Samuel Ersson with a rebound.
17:18 of 2nd period - Backhand shot by Nathan MacKinnon.
17:18 of 2nd period - Stopped by Samuel Ersson with a rebound.
17:20 of 2nd period - Slapshot by Dmitry Kulikov.
17:20 of 2nd period - Stopped by Samuel Ersson with a rebound.
18:32 of 2nd period - Snap shot by Zach Benson.
18:32 of 2nd period - Stopped by Kevin Lankinen without a rebound.
18:33 of 2nd period - Nathan MacKinnon wins face-off versus Colton Sissons in New York Rangers zone.
18:33 of 2nd period - Nathan MacKinnon is hit by Leo Carlsson.
18:50 of 2nd period - Minor Penalty to Brendan Smith for Tripping.
18:51 of 2nd period - Ryan Johansen wins face-off versus David Kampf in New York Rangers zone.
19:23 of 2nd period - Wrist shot by Max Pacioretty.
19:23 of 2nd period - Goal by Max Pacioretty - New York Rangers : 1 - Nashville Predators : 2.
19:24 of 2nd period - Dylan Strome wins face-off versus Jack Drury in neutral zone.
Goals for this period are 1 for New York Rangers vs 2 for Nashville Predators.
Shots for this period are 9 for New York Rangers vs 16 for Nashville Predators.
3rd period
0:01 of 3rd period - Dylan Strome wins face-off versus Thomas Novak in neutral zone.
0:06 of 3rd period - Slapshot by Adam Larsson.
0:06 of 3rd period - Stopped by Samuel Ersson without a rebound.
0:07 of 3rd period - Thomas Novak wins face-off versus Mathew Barzal in Nashville Predators zone.
0:09 of 3rd period - Minor Penalty to Simon Benoit for Slashing.
0:10 of 3rd period - Ryan Johansen wins face-off versus Dylan Strome in Nashville Predators zone.
0:37 of 3rd period - Henri Jokiharju is hit by Artemi Panarin and loses puck.
1:17 of 3rd period - Slapshot by Cole Caufield.
1:17 of 3rd period - Shot Misses the Net.
1:19 of 3rd period - Snap shot by Cam Fowler.
1:19 of 3rd period - Shot Blocked by Ryan Johansen.
1:21 of 3rd period - Wrist shot by Cole Caufield.
1:21 of 3rd period - Shot Misses the Net.
2:09 of 3rd period - Penalty to Simon Benoit is over, Simon Benoit is back on ice.
2:59 of 3rd period - Minor Penalty to Adam Larsson for Holding.
3:00 of 3rd period - David Kampf wins face-off versus Ryan Johansen in New York Rangers zone.
4:59 of 3rd period - Penalty to Adam Larsson is over, Adam Larsson is back on ice.
5:31 of 3rd period - Thomas Novak is hit by Jake McCabe and loses puck.
5:42 of 3rd period - Jake Walman is hit by Josh Doan and loses puck.
6:12 of 3rd period - Conor Garland is hit by Colton Sissons and loses puck.
6:49 of 3rd period - Snap shot by Cole Caufield.
6:49 of 3rd period - Shot Blocked by Ryan Johansen.
6:51 of 3rd period - Snap shot by Dmitry Kulikov.
6:51 of 3rd period - Stopped by Samuel Ersson with a rebound.
7:33 of 3rd period - Mathew Barzal is hit by Tyson Foerster and loses puck.
7:44 of 3rd period - Joe Pavelski is hit by Brett Leason and loses puck.
7:51 of 3rd period - Jesper Boqvist is hit by Adam Larsson and loses puck.
8:02 of 3rd period - Simon Benoit is hit by Cam Fowler and loses puck.
8:15 of 3rd period - Colton Sissons is hit by Dmitry Kulikov and loses puck.
8:30 of 3rd period - Zach Benson is hit by Mathew Barzal and loses puck.
8:37 of 3rd period - Wrist shot by Mathew Barzal.
8:37 of 3rd period - Shot Misses the Net.
8:46 of 3rd period - Minor Penalty to Jake McCabe for Boarding.
8:47 of 3rd period - Mikael Granlund wins face-off versus Colton Sissons in New York Rangers zone.
10:46 of 3rd period - Penalty to Jake McCabe is over, Jake McCabe is back on ice.
11:21 of 3rd period - Wrist shot by Nikolaj Ehlers.
11:21 of 3rd period - Shot Misses the Net.
11:23 of 3rd period - Snap shot by Nikolaj Ehlers.
11:23 of 3rd period - Stopped by Samuel Ersson with a rebound.
11:35 of 3rd period - Slapshot by Thomas Novak.
11:35 of 3rd period - Stopped by Kevin Lankinen without a rebound.
11:36 of 3rd period - Dylan Strome wins face-off versus Jesper Boqvist in New York Rangers zone.
11:56 of 3rd period - Henri Jokiharju is hit by Jake McCabe and loses puck.
12:20 of 3rd period - Wrist shot by Tyson Foerster.
12:20 of 3rd period - Shot Misses the Net.
12:45 of 3rd period - Off-side.
12:46 of 3rd period - Colton Sissons wins face-off versus Dylan Strome in neutral zone.
13:12 of 3rd period - Off-side.
13:13 of 3rd period - Jack Drury wins face-off versus Joe Pavelski in neutral zone.
13:21 of 3rd period - Nikolaj Ehlers is hit by Pius Suter and loses puck.
13:59 of 3rd period - Slapshot by Cam Fowler.
13:59 of 3rd period - Shot Blocked by Jesper Boqvist.
14:01 of 3rd period - Slapshot by Jake McCabe.
14:01 of 3rd period - Stopped by Samuel Ersson with a rebound.
14:03 of 3rd period - Wrist shot by Teuvo Teravainen.
14:03 of 3rd period - Shot Misses the Net.
14:27 of 3rd period - Wrist shot by Ryan Johansen.
14:27 of 3rd period - Shot Blocked by Brendan Smith.
14:29 of 3rd period - Wrist shot by Zach Benson.
14:29 of 3rd period - Shot Blocked by Brendan Smith.
14:31 of 3rd period - Snap shot by Artem Zub.
14:31 of 3rd period - Stopped by Kevin Lankinen without a rebound.
14:32 of 3rd period - Colton Sissons wins face-off versus Nathan MacKinnon in New York Rangers zone.
14:45 of 3rd period - Wrist shot by Leo Carlsson.
14:45 of 3rd period - Shot Blocked by Nathan MacKinnon.
14:47 of 3rd period - Slapshot by Henri Jokiharju.
14:47 of 3rd period - Stopped by Kevin Lankinen without a rebound.
14:48 of 3rd period - Jack Drury wins face-off versus Dylan Strome in New York Rangers zone.
14:57 of 3rd period - Snap shot by Pius Suter.
14:57 of 3rd period - Deflect By Josh Doan.
14:57 of 3rd period - Stopped by Kevin Lankinen with a rebound.
14:59 of 3rd period - Slapshot by Dante Fabbro.
14:59 of 3rd period - Shot Misses the Net.
15:03 of 3rd period - Slapshot by Pius Suter.
15:03 of 3rd period - Shot Misses the Net.
15:15 of 3rd period - Dante Fabbro is hit by Adam Larsson and loses puck.
15:24 of 3rd period - Snap shot by Cole Caufield.
15:24 of 3rd period - Stopped by Samuel Ersson without a rebound.
15:25 of 3rd period - Nathan MacKinnon wins face-off versus Jack Drury in Nashville Predators zone.
16:14 of 3rd period - Snap shot by Cole Caufield.
16:14 of 3rd period - Shot Misses the Net.
16:16 of 3rd period - Wrist shot by Marcus Foligno.
16:16 of 3rd period - Shot Blocked by Max Pacioretty.
16:18 of 3rd period - Slapshot by Jake McCabe.
16:18 of 3rd period - Shot Misses the Net.
17:09 of 3rd period - Minor Penalty to Mikael Granlund for Tripping.
17:10 of 3rd period - Pius Suter wins face-off versus Nikolaj Ehlers in New York Rangers zone.
17:10 of 3rd period - Wrist shot by Leo Carlsson.
17:10 of 3rd period - Stopped by Kevin Lankinen with a rebound.
17:24 of 3rd period - Snap shot by Ryan Johansen.
17:24 of 3rd period - Stopped by Kevin Lankinen with a rebound.
18:08 of 3rd period - Max Pacioretty is hit by Mathew Barzal and loses puck.
18:21 of 3rd period - Jake Walman is hit by Artem Zub.
19:09 of 3rd period - Penalty to Mikael Granlund is over, Mikael Granlund is back on ice.
19:18 of 3rd period - New York Rangers, Kevin Lankinen is pulled from the net.
19:34 of 3rd period - Wrist shot by Artemi Panarin.
19:34 of 3rd period - Stopped by Samuel Ersson with a rebound.
19:36 of 3rd period - Slapshot by Dmitry Kulikov.
19:36 of 3rd period - Stopped by Samuel Ersson with a rebound.
19:38 of 3rd period - Wrist shot by Artemi Panarin.
19:38 of 3rd period - Shot Misses the Net.
19:40 of 3rd period - Snap shot by Dmitry Kulikov.
19:40 of 3rd period - Deflect By Nathan MacKinnon.
19:40 of 3rd period - Stopped by Samuel Ersson without a rebound.
19:41 of 3rd period - Bill Peters call a timeout for New York Rangers.
19:41 of 3rd period - Nathan MacKinnon wins face-off versus Josh Doan in Nashville Predators zone.
19:42 of 3rd period - Slapshot by Artemi Panarin.
19:42 of 3rd period - Stopped by Samuel Ersson without a rebound.
19:43 of 3rd period - Nathan MacKinnon wins face-off versus Josh Doan in Nashville Predators zone.
Goals for this period are 0 for New York Rangers vs 0 for Nashville Predators.
Shots for this period are 9 for New York Rangers vs 6 for Nashville Predators.
Back to the Top